[ PARTIDA AOE2 · #493742902 ]
UnrankedIncas vs Huns
Equipo del jugador · DERR
Equipo rival · VICT
[ ANÁLISIS DE REPETICIÓN · EXTRAÍDO DE LA PARTIDA GRABADA ]
Feudal
9:30
Castillos
—
Imperial
—
| APM promedio | 45.0 |
| APM pico | 73 |
| eAPM promedio | 19.3 |
| Aldeanos / militares | 35 / 5 |
Foco
⚔️ 14.9% · 🌾 85.1%
Unknown (2550) ×8 · Skirmisher ×5
Feudal
10:13
Castillos
—
Imperial
—
| APM promedio | 78.1 |
| APM pico | 114 |
| eAPM promedio | 22.8 |
| Aldeanos / militares | 35 / 18 |
Foco
⚔️ 26.3% · 🌾 73.7%
Archer ×15 · Militia ×3
Mapa de la partida
Recursos iniciales + cada clic de construcción. Líneas = muros · curvas = relieve. ◆ oro · ⬟ piedra · ● bayas · ✦ reliquia · ◌ hueco del cierre
Tu base· Abierta — flanco sin cerrar
Base de Pedro· Abierta — flanco sin cerrar
Terreno inicial suavizado · ◌ = hueco del cierre detectado · pasá el cursor para detalles
Inputs por minuto
— Brick by Brick - - Pedro
Build order — Brick by Brick
71 acciones detectadas en el replay
| 0:01 | Crear | Villager (Male) |
| 0:02 | Construir | House |
| 0:14 | Crear | Villager (Male) |
| 0:14 | Crear | Villager (Male) |
| 0:14 | Crear | Villager (Male) |
| 0:15 | Crear | Villager (Male) |
| 1:31 | Crear | Villager (Male) |
| 2:02 | Crear | Villager (Male) |
| 2:20 | Crear | Villager (Male) |
| 2:47 | Construir | Settlement |
| 3:07 | Crear | Villager (Male) |
| 3:07 | Crear | Villager (Male) |
| 3:07 | Crear | Villager (Male) |
| 3:57 | Crear | Villager (Male) |
| 3:57 | Crear | Villager (Male) |
| 3:57 | Crear | Villager (Male) |
| 4:15 | Crear | Villager (Male) |
| 4:45 | Crear | Villager (Male) |
| 5:27 | Construir | Barracks |
| 5:44 | Crear | Villager (Male) |
| 6:05 | Crear | Villager (Male) |
| 6:07 | Investigar | Loom |
| 6:55 | Investigar | Loom |
| 7:12 | Investigar | Feudal Age |
| 7:57 | Construir | Settlement |
| 8:01 | Crear | Unit 2550 |
| 8:01 | Crear | Unit 2550 |
| 8:23 | Construir | Settlement |
| 8:29 | Construir | Settlement |
| 8:53 | Crear | Villager (Male) |
| 9:15 | Crear | Villager (Male) |
| 9:30 | Edad | Edad Feudal |
| 9:44 | Crear | Villager (Male) |
| 10:02 | Crear | Villager (Male) |
| 10:15 | Investigar | Tech 1402 |
| 10:44 | Crear | Villager (Male) |
| 11:01 | Crear | Unit 2550 |
| 11:12 | Construir | Farm |
| 11:12 | Construir | Farm |
| 11:12 | Construir | Farm |
| 11:13 | Construir | Farm |
| 11:13 | Construir | Farm |
| 11:13 | Construir | Farm |
| 11:13 | Construir | Farm |
| 11:19 | Crear | Villager (Male) |
| 12:08 | Construir | Farm |
| 12:09 | Crear | Villager (Male) |
| 12:34 | Crear | Villager (Male) |
| 12:42 | Construir | Farm |
| 12:55 | Crear | Villager (Male) |
| 13:03 | Construir | Archery Range |
| 13:10 | Crear | Villager (Male) |
| 13:21 | Crear | Villager (Male) |
| 13:32 | Crear | Villager (Male) |
| 13:50 | Crear | Unit 2550 |
| 13:50 | Crear | Unit 2550 |
| 14:06 | Construir | Farm |
| 14:09 | Construir | Farm |
| 14:13 | Crear | Skirmisher |
| 14:13 | Crear | Skirmisher |
| 14:18 | Crear | Villager (Male) |
| 14:33 | Crear | Unit 2550 |
| 14:34 | Crear | Skirmisher |
| 15:02 | Crear | Villager (Male) |
| 15:05 | Crear | Skirmisher |
| 15:07 | Crear | Unit 2550 |
| 15:24 | Crear | Villager (Male) |
| 15:32 | Crear | Villager (Male) |
| 16:01 | Crear | Villager (Male) |
| 16:02 | Crear | Skirmisher |
| 16:03 | Crear | Unit 2550 |
Build order — Pedro
78 acciones detectadas en el replay
| 0:00 | Crear | Villager (Male) |
| 0:00 | Crear | Villager (Male) |
| 0:23 | Crear | Villager (Male) |
| 0:30 | Crear | Villager (Male) |
| 1:16 | Crear | Villager (Male) |
| 1:53 | Construir | Lumber Camp |
| 1:55 | Crear | Villager (Male) |
| 2:05 | Crear | Villager (Male) |
| 2:37 | Crear | Villager (Male) |
| 3:37 | Crear | Villager (Male) |
| 3:38 | Crear | Villager (Male) |
| 4:04 | Crear | Villager (Male) |
| 4:06 | Crear | Villager (Male) |
| 4:38 | Crear | Villager (Male) |
| 5:03 | Crear | Villager (Male) |
| 5:35 | Crear | Villager (Male) |
| 5:38 | Crear | Villager (Male) |
| 5:46 | Construir | Barracks |
| 5:52 | Crear | Villager (Male) |
| 6:26 | Crear | Villager (Male) |
| 6:34 | Crear | Militia |
| 6:34 | Crear | Militia |
| 6:35 | Crear | Militia |
| 6:37 | Construir | Mill |
| 6:44 | Crear | Villager (Male) |
| 7:01 | Crear | Villager (Male) |
| 7:32 | Investigar | Loom |
| 8:03 | Investigar | Feudal Age |
| 8:28 | Construir | Lumber Camp |
| 8:45 | Construir | Mining Camp |
| 9:46 | Crear | Villager (Male) |
| 10:13 | Edad | Edad Feudal |
| 10:19 | Construir | Archery Range |
| 10:19 | Crear | Villager (Male) |
| 10:35 | Investigar | Double-Bit Axe |
| 10:35 | Investigar | Double-Bit Axe |
| 10:42 | Crear | Villager (Male) |
| 11:09 | Crear | Archer |
| 11:09 | Crear | Archer |
| 11:26 | Crear | Villager (Male) |
| 11:29 | Construir | Archery Range |
| 12:02 | Crear | Villager (Male) |
| 12:03 | Crear | Archer |
| 12:03 | Crear | Archer |
| 12:31 | Crear | Archer |
| 12:32 | Construir | Farm |
| 12:33 | Construir | Farm |
| 12:33 | Crear | Villager (Male) |
| 12:39 | Crear | Archer |
| 12:39 | Crear | Archer |
| 12:41 | Crear | Villager (Male) |
| 13:09 | Construir | Blacksmith |
| 13:15 | Crear | Archer |
| 13:16 | Crear | Archer |
| 13:42 | Crear | Villager (Male) |
| 13:45 | Construir | Farm |
| 13:52 | Crear | Villager (Male) |
| 13:53 | Crear | Archer |
| 13:53 | Crear | Villager (Male) |
| 13:57 | Investigar | Fletching |
| 14:08 | Crear | Villager (Male) |
| 14:09 | Crear | Archer |
| 14:10 | Construir | Farm |
| 14:11 | Crear | Villager (Male) |
| 14:20 | Construir | Watch Tower |
| 14:23 | Crear | Archer |
| 14:28 | Crear | Villager (Male) |
| 15:02 | Crear | Archer |
| 15:03 | Crear | Villager (Male) |
| 15:05 | Construir | Farm |
| 15:06 | Construir | Farm |
| 15:08 | Construir | Farm |
| 15:11 | Construir | Farm |
| 15:23 | Crear | Archer |
| 15:24 | Crear | Archer |
| 15:59 | Crear | Villager (Male) |
| 16:01 | Construir | Farm |
| 16:03 | Construir | Farm |
Cronología de la partida
| 5:27 | Brick by Brick · first_building Barracks |
| 5:46 | Pedro · first_building Barracks |
| 9:30 | Brick by Brick · age_up feudal |
| 10:13 | Pedro · age_up feudal |
| 10:19 | Pedro · first_building Archery Range |
| 13:03 | Brick by Brick · first_building Archery Range |
| 16:17 | Brick by Brick · resign |
[ ANÁLISIS IA · 1 CRÉDITO ]
¿Qué pasó realmente en esta partida?
Wolo.gg analiza cada decisión: build order, eco, micro, errores típicos por bracket. Análisis personalizado por WhatsApp o Discord en 30 segundos.
Guía civ
Incas
Perfil
Brick by Brick